 Dungeon Crawl Stone Soup version 0.28.0-43-g3370ac3207 (webtiles) character file.

Game seed: 18016462708649972426

78 Ablot the Grasshopper (level 4, -5/38 HPs)
             Began as a Gnoll Warper on Mar 6, 2022.
             Killed from afar by a white imp (8 damage)
             ... with a puff of frost
             ... summoned by Eustachio
             ... on level 4 of the Dungeon.
             The game lasted 00:02:08 (2645 turns).

Ablot the Grasshopper (Gnoll Warper)                Turns: 2645, Time: 00:02:08

Health: -5/38      AC:  3    Str: 12    XL:     4   Next: 36%
Magic:  11/11      EV: 12    Int: 13    God:
Gold:   74         SH:  0    Dex: 11    Spells: 13/13 levels left

rFire   . . .      SeeInvis .   a - +0 trident
rCold   . . .      Faith    .   (no shield)
rNeg    . . .      Spirit   .   b - +0 leather armour
rPois   .          Reflect  .   (no helmet)
rElec   .          Harm     .   (no cloak)
rCorr   .          Rampage  .   (no gloves)
Will    .....                   (no boots)
Stlth   +.........              (no amulet)
HPRegen 0.12/turn               (no ring)
MPRegen 0.12/turn               (no ring)

@: no status effects
A: fangs 1, strong nose, distributed training
a: no special abilities


You were on level 4 of the Dungeon.
You visited 1 branch of the dungeon, and saw 4 of its levels.

You collected 74 gold pieces.

Inventory:

Hand Weapons
 a - a +0 trident (weapon)
Missiles
 d - 5 boomerangs of dispersal (quivered)
 i - 74 stones
 k - 5 atropa-tipped darts
 o - 10 sling bullets
Armour
 b - a +0 leather armour (worn)
Scrolls
 c - a scroll of blinking
 h - a scroll of amnesia {unknown}
 j - a scroll of fog {unknown}
 m - 2 scrolls of vulnerability {unknown}
Potions
 e - a potion of mutation {unknown}
 f - a potion of attraction {unknown}
 g - a potion of curing {unknown}
 l - a potion of haste {unknown}
 n - a potion of ambrosia {unknown}


   Skills:
 + Level 4.6 Fighting
 + Level 1.1 Short Blades
 + Level 1.1 Long Blades
 + Level 1.1 Axes
 + Level 1.1 Maces & Flails
 + Level 4.6 Polearms
 + Level 1.1 Staves
 + Level 1.1 Slings
 + Level 1.1 Bows
 + Level 1.1 Crossbows
 + Level 2.7 Throwing
 + Level 2.7 Armour
 + Level 4.6 Dodging
 + Level 1.1 Stealth
 + Level 1.1 Shields
 + Level 1.1 Unarmed Combat
 + Level 5.0 Spellcasting
 + Level 0.8 Conjurations
 + Level 0.8 Hexes
 + Level 0.8 Summonings
 + Level 0.8 Necromancy
 + Level 5.4 Translocations
 + Level 0.8 Transmutations
 + Level 0.8 Fire Magic
 + Level 0.8 Ice Magic
 + Level 0.8 Air Magic
 + Level 0.8 Earth Magic
 + Level 0.8 Poison Magic
 + Level 1.2 Invocations
 + Level 1.1 Evocations


You had 13 spell levels left.
You didn't know any spells.
Your spell library contained the following spells:

 Spells                   Type           Power      Damage    Failure   Level
 Blink                    Tloc           34%        N/A       3%          2
 Gell's Gravitas          Tloc           17%        N/A       8%          3
 Lesser Beckoning         Tloc           17%        N/A       8%          3
 Teleport Other           Tloc           17%        N/A       8%          3
 Manifold Assault         Tloc           17%        N/A       56%         5
 Hailstorm                Conj/Ice       5%         3d4       86%         4
 Ice Form                 Ice/Tmut       5%         N/A       86%         4
 Simulacrum               Ice/Necr       2%         N/A       100%        6


Dungeon Overview and Level Annotations

Branches:
Dungeon (4/15)
 Temple: D:4-7

Altars:

Shops:
D:1 [

Annotations:
D:4 Eustachio


Innate Abilities, Weirdness & Mutations

You have very sharp teeth.
Your uncanny sense of smell can sniff out nearby items.
Your experience applies equally to all skills.


Message History

Eustachio gestures wildly while chanting.
You closely miss the orc. The orc hits you with a +0 club.
Eustachio gestures wildly while chanting.
The white imp gestures at you. The puff of frost misses you.
The orc hits you but does no damage.
You closely miss the orc.
The shadow imp disappears in a puff of smoke!
The white imp hits you but does no damage.
The shadow imp closely misses you. The orc hits you with a +0 club.
You barely miss the orc.
Eustachio gestures wildly while chanting.
The white imp hits you. The white imp freezes you.
The orc hits you with a +0 club.
* * * LOW HITPOINT WARNING * * *
The shadow imp closely misses you.
You hit the orc.
The orc is heavily wounded.
The white imp misses you. The shadow imp misses you.
The orc hits you with a +0 club.
* * * LOW HITPOINT WARNING * * *
You hit the orc.
The orc is almost dead.
The white imp hits you.
* * * LOW HITPOINT WARNING * * *
The white imp freezes you.
* * * LOW HITPOINT WARNING * * *
The shadow imp hits you but does no damage.
The orc hits you but does no damage.
You barely miss the orc.
The orc is almost dead.
The white imp barely misses you.
The shadow imp hits you but does no damage.
The orc hits you with a +0 club.
* * * LOW HITPOINT WARNING * * *
Eustachio gestures wildly while chanting.
You barely miss the orc.
The orc is almost dead.
The white imp gestures at you. The puff of frost hits you!
You die...

......##
#.#
...##.#
#.# ...
...∆ #.#
.. ..
#.# ##.#
#..#
#.##
#.#####
#.oo@5#
#####5#
@# 5# r#
.# .# ..


You could see Eustachio, a crimson imp (summoned), a white imp (summoned), a
shadow imp (summoned), 2 orcs and a quokka (summoned).

Vanquished Creatures
  4 adders
  A worm (D:2)
  An orc (D:4)
  6 endoplasms
  2 giant cockroaches (D:2)
  3 goblins
  4 hobgoblins
  A kobold (D:1)
  4 quokkas
  2 ball pythons (D:2)
  2 frilled lizards
  7 rats
37 creatures vanquished.

Notes
Turn   | Place    | Note
-------+----------+-------------------------------------------
     0 | D:1      | Ablot the Gnoll Warper began the quest for the Orb.
     0 | D:1      | Reached XP level 1. HP: 20/20 MP: 6/6
     6 | D:1      | Noticed an electric eel
   205 | D:1      | Found Yqov's Armour Shoppe.
   306 | D:1      | Reached XP level 2. HP: 26/26 MP: 7/7
   540 | D:1      | Found a faded altar of an unknown god.
   919 | D:2      | Reached skill level 5 in Spellcasting
   919 | D:2      | Reached XP level 3. HP: 7/31 MP: 7/9
  1251 | D:2      | Reached skill level 1 in Invocations
  1789 | D:2      | Reached skill level 1 in Short Blades
  1789 | D:2      | Reached skill level 1 in Long Blades
  1789 | D:2      | Reached skill level 1 in Axes
  1789 | D:2      | Reached skill level 1 in Maces & Flails
  1789 | D:2      | Reached skill level 1 in Staves
  1789 | D:2      | Reached skill level 1 in Slings
  1789 | D:2      | Reached skill level 1 in Bows
  1789 | D:2      | Reached skill level 1 in Crossbows
  1789 | D:2      | Reached skill level 1 in Stealth
  1789 | D:2      | Reached skill level 1 in Shields
  1789 | D:2      | Reached skill level 1 in Unarmed Combat
  1789 | D:2      | Reached skill level 1 in Evocations
  1953 | D:2      | Reached XP level 4. HP: 22/38 MP: 11/11
  2598 | D:3      | You fall into a shaft and drop 1 floor!
  2638 | D:4      | Noticed Eustachio
  2645 | D:4      | Killed from afar by a white imp

Illustrated notes

Levels and vault maps discovered:
D:1:      arrival_aquarium_a, layout_basic,
          shapermc_ecumenical_altar_totnotflames, serial_shops, shop
D:2:      minmay_diamond_boxcup, layout_basic, minmay_tetromino_o2
D:3:      layout_rooms
D:4:      layout_loops_cross, biasface_ghost_orc_armoury,
          kennysheep_small_square, uniq_eustachio, uniq_grinder, uniq_sigmund

Skill      XL: |  1  2  3 |
---------------+----------+-----
Spellcasting   | 5 |  5.0
Invocations    | 1 |  1.2
Short Blades   | 1 |  1.1
Long Blades    | 1 |  1.1
Axes           | 1 |  1.1
Maces & Flails | 1 |  1.1
Staves         | 1 |  1.1
Slings         | 1 |  1.1
Bows           | 1 |  1.1
Crossbows      | 1 |  1.1
Stealth        | 1 |  1.1
Shields        | 1 |  1.1
Unarmed Combat | 1 |  1.1
Evocations     | 1 |  1.1
Fighting       | |  4.6
Polearms       | |  4.6
Throwing       | |  2.7
Armour         | |  2.7
Dodging        | |  4.6
Conjurations   | |  0.8
Hexes          | |  0.8
Summonings     | |  0.8
Necromancy     | |  0.8
Translocations | |  5.4
Transmutations | |  0.8
Fire Magic     | |  0.8
Ice Magic      | |  0.8
Air Magic      | |  0.8
Earth Magic    | |  0.8
Poison Magic   | |  0.8

Action                   |  1- 3 |  4- 6 || total
-------------------------+-------+-------++-------
Melee: Spear             |    82 |       ||    82
       Bite              |     8 |       ||     8
       Punch             |     4 |       ||     4
       Trident           |    26 |    23 ||    49
 Stab: Sleeping          |     4 |     1 ||     5
       Distracted        |     1 |       ||     1
Armor: Leather armour    |    18 |     8 ||    26
Dodge: Dodged            |    40 |    18 ||    58
